 Dungeon Crawl Stone Soup version 0.21-a0-504-g2eda330 (webtiles) character file.

37 sagitran the Chiller (level 3, 0/24 HPs)
             Began as a Barachi Ice Elementalist on Nov 25, 2017.
             Succumbed to an adder's poison
             ... on level 2 of the Dungeon.
             The game lasted 00:06:34 (1482 turns).

sagitran the Chiller (Barachi Ice Elementalist)     Turns: 1482, Time: 00:06:35

Health: 0/24       AC:  2    Str: 10    XL:     3   Next: 41%
Magic:  2/6        EV: 15    Int: 17    God:
Gold:   22         SH:  0    Dex: 12    Spells: 1/7 levels left

rFire    . . .     SeeInvis .   d - +1 mace
rCold    . . .     Gourm    .   (no shield)
rNeg     . . .     Faith    .   a - +0 robe
rPois    .         Spirit   .   (no helmet)
rElec    .         Reflect  .   (no cloak)
rCorr    .         Harm     .   (no gloves)
MR       .....                  (no boots)
Stlth    ++........             (no amulet)
HPRegen  0.08/turn              e - +3 ring of evasion
MPRegen  0.10/turn              g - +2 ring of intelligence

@: lethally poisoned (0 -> -4), can't hop, heavily drained, slow
A: +LOS, swims, slowness 1, strong legs 1
a: Hop


You were on level 2 of the Dungeon.
You were hungry.

You visited 1 branch of the dungeon, and saw 2 of its levels.

You collected 22 gold pieces.

Inventory:

Hand Weapons
 d - a +1 mace (weapon)
Armour
 a - a +0 robe (worn)
Jewellery
 e - a +3 ring of evasion (left hand)
 g - a +2 ring of intelligence (right hand)
Scrolls
 h - a scroll of amnesia {unknown}
 i - a scroll of remove curse
Books
 b - a book of Frost

   Spells                             Type                      Level
   a - Freeze                         Ice                          1
   b - Throw Frost                    Conjuration/Ice              2
   c - Ozocubu's Armour               Charms/Ice                   3
   d - Throw Icicle                   Conjuration/Ice              4
   e - Summon Ice Beast               Ice/Summoning                4
Comestibles
 c - a bread ration


   Skills:
 + Level 0.1(0.0) Fighting
 + Level 0.5(0.0) Maces & Flails
 + Level 2.3(1.1) Dodging
 + Level 2.1(1.0) Stealth
 + Level 2.6(1.4) Spellcasting
 + Level 1.3(0.2) Conjurations
 + Level 4.4(3.1) Ice Magic


You had one spell level left.
You knew the following spells:

 Your Spells              Type           Power        Failure   Level  Hunger
a - Freeze                Ice            ##..         5%          1    ##.....
b - Throw Frost           Conj/Ice       #.....       16%         2    ###....
c - Ozocubu's Armour      Chrm/Ice       #.......     32%         3    ####...


Dungeon Overview and Level Annotations

Branches:
Dungeon (2/15)

Altars:


Innate Abilities, Weirdness & Mutations

Shadows flee at your approach. (+LOS)
You can swim through water.
You cover ground slowly.
You can hop short distances.


Message History

The adder poisons you! The jackal bites you.
* * * LOW HITPOINT WARNING * * *
An adder comes into view.
You aren't carrying any potions.
As you read the scroll labeled XYKESM GISHRIO, it crumbles to dust.
It is a scroll of enchant weapon.
Your +0 mace glows red for a moment.
* * * LOW HITPOINT WARNING * * *
You feel sick.
The adder hisses angrily.
The adder misses you. The jackal closely misses you.
The kobold hits you but does no damage.
You sock the adder!
The adder is severely wounded.
The adder barely misses you. The jackal completely misses you.
The kobold hits you but does no damage. The adder misses you.
The jackal misses you. The quokka barely misses you.
You thump the adder!
You kill the adder!
You die...

#.##.. .... .. #.....
....# ...
#....#+#...##...
#................
#................. ..
#................# ....
#....#+#...##.....
......#..K.#.#.........
.....!..@†..w....>.....
...##+#.hr.#.#.........
#.........#....#....
..........#.#....# .
...S......#.##†#.# .
...........#.##.#.# ...
......#...........#....
..###..................
.. #..............."...


You could see a worm, an adder, a quokka, a jackal and a kobold.

Vanquished Creatures
  An adder (D:2)
  A leopard gecko (D:2)
  A giant cockroach (D:1)
  4 goblins (D:1)
  2 hobgoblins (D:1)
  6 jackals (D:2)
  A quokka (D:2)
  2 bats
  3 frilled lizards (D:1)
  3 kobolds
  3 rats (D:1)
27 creatures vanquished.

Notes
Turn   | Place    | Note
-------+----------+-------------------------------------------
     0 | D:1      | sagitran the Barachi Ice Elementalist began the quest for the Orb.
     0 | D:1      | Reached XP level 1. HP: 13/13 MP: 3/3
   302 | D:1      | Reached skill level 4 in Ice Magic
   344 | D:1      | Reached XP level 2. HP: 8/19 MP: 3/5
   350 | D:1      | Learned a level 2 spell: Throw Frost
  1384 | D:2      | Reached XP level 3. HP: 24/24 MP: 1/6
  1390 | D:2      | Learned a level 3 spell: Ozocubu's Armour
  1479 | D:2      | HP: 1/24 [jackal (1)]
  1482 | D:2      | Succumbed to an adder's poison

Vault maps used:
D:1:      scummos_arrival_simple_crosswalls

Skill      XL: |  1  2 |
---------------+-------+-----
Ice Magic      | 4 |  4.4
Stealth        | 2 |  2.1
Fighting       | |  0.1
Maces & Flails | |  0.5
Dodging        | |  2.3
Spellcasting   | |  2.6
Conjurations   | |  1.3

Action                   || total
-------------------------++-------
Melee: Mace              ||    49
 Cast: Freeze            ||    18
       Throw Frost       ||     9
 Abil: Hop               ||     1
  Use: Scroll            ||     3
 Stab: Sleeping          ||     1
  Eat: Chunk             ||     3
Armor: Robe              ||    10
Dodge: Dodged            ||    61

Table legend:
 A = Spawn XP
 B = Non-spawn XP
 C = Spawn XP percentage of total XP
 D = Spawn monster count
 E = Non-spawn monster count
 F = Spawn count percentage of total count
 G = Total turns spent on level
                    A         B        C        D         E        F      G
               +---------+---------+-------+---------+---------+-------+---------
         Total |       0 |      54 |   0.0 |       0 |      27 |   0.0 |  1482
               +---------+---------+-------+---------+---------+-------+---------
           D:1 |       0 |      22 |   0.0 |       0 |      16 |   0.0 |  1032
           D:2 |       0 |      32 |   0.0 |       0 |      11 |   0.0 |   450
               +---------+---------+-------+---------+---------+-------+---------
